Cogmind - Beta 17 *** ADVENTURER MODE // 2026.07.01 @ 09:28:18 Player: Faux Soleil Result: Destroyed by FO-8TT(R) with Subdweller Machine Gun Performance ------------- Evolutions (0) 0 Regions Visited (2) 400 Robots Destroyed (1) 5 Value Destroyed (40) 40 Prototype IDs (0) 0 Alien Tech Used (0) 0 Bonus (0) 0 TOTAL SCORE: 445 Bonus ------- None Cogmind --------- Core Integrity 0/250 Matter 300/300 Energy 115/125 System Corruption 0% Temperature Cool (0) Movement Core (150) Ox2 Location -10/Subcaves Parts ------- > --- POWER (1) -------- Light Ion Engine > --- PROPULSION (2) --- (None) > --- UTILITY (2) ------ Small Storage Unit > --- WEAPON (2) ------- (None) > --- INVENTORY (8) ---- Scrap Shield Fragment (48) Peak State ------------ > --- POWER ------------ Ion Engine > --- PROPULSION ------- Light Treads Light Treads > --- UTILITY ---------- Scrap Shield > --- WEAPON ----------- Small Laser Light Assault Rifle > --- INVENTORY -------- Light Ion Engine Small Storage Unit EM Pulse Gun [Rating: 9] Favorites ----------- Power Ion Engine Engine Ion Engine Propulsion Light Treads Treads Light Treads Utility Small Storage Unit Storage Small Storage Unit Processor Signal Interpreter Protection Scrap Shield Weapon Light Assault Rifle Energy Gun Small Laser Ballistic Gun Light Assault Rifle Build | -11 -10 -10 ------- Run | Yrd Mat Sub Slots Evolved . | . . . Power . | . . . Propulsion . | . . . Utility . | . . . Weapon . | . . . Parts Attached 10 | 6 1 3 Power 2 | 1 . 1 Engine 2 | 1 . 1 Core . | . . . Reactor . | . . . Propulsion 2 | 2 . . Treads 2 | 2 . . Leg . | . . . Wheel . | . . . Hover . | . . . Flight . | . . . Utility 3 | 1 1 1 Device . | . . . Storage 1 | 1 . . Processor 1 | . 1 . Hackware . | . . . Protection 1 | . . 1 Artifact . | . . . Weapon 3 | 2 . 1 Energy Gun 2 | 1 . 1 Energy Cannon . | . . . Ballistic Gun 1 | 1 . . Ballistic Cannon . | . . . Launcher . | . . . Special Weapon . | . . . Impact Weapon . | . . . Slashing Weapon . | . . . Piercing Weapon . | . . . Special Melee Weapon . | . . . Unidentified Prototypes . | . . . Parts Lost 7 | . . 7 Power 1 | . . 1 Propulsion 2 | . . 2 Utility 1 | . . 1 Weapon 3 | . . 3 Highest Loss Streak 6 | . . 6 To Critical Strikes . | . . . Average Backups 2 | 1 2 2 Power . | . 1 . Propulsion . | . . . Utility . | . . . Weapon . | 1 1 . Tool/Special . | . . . Unused Backups . | . . . Power . | . . . Propulsion . | . . . Utility . | . . . Weapon . | . . . Tool/Special . | . . . Average Slot Usage (%) 86 | . 95 77 Engine 13 | . 14 13 Treads 25 | . 28 23 Storage 8 | . 14 3 Processor 6 | . 9 2 Protection 3 | . . 6 Energy Gun 13 | . 14 12 Ballistic Gun 14 | . 14 14 Peak Build Rating 9 | 6 7 9 Average Rating 6 | 4 6 6 On Entrance 4 | . 6 7 Avg Prop Armor Cover (%) . | . . . Naked Turns . | . . . Heaviest Build 25 | 12 12 25 Greatest Support 40 | 40 40 40 Greatest Overweight (x) 3 | . . 3 Average Overweight (x) . | . . . Largest Inventory Capacity 8 | 8 8 8 Average Capacity 7 | 7 8 5 Most Carried 5 | 4 3 5 Average Carried 2 | 1 2 2 Final Capacity 8 | 8 8 8 Final Carried 2 | 2 2 1 Class Distribution -------------------- 100% | Mutant Dominant Class ---------------- Mutant | -10/Materials Mutant | -10/Subcaves Resources | -11 -10 -10 ----------- Run | Yrd Mat Sub Matter Collected 317 | 220 . 97 Remotely . | . . . Salvage Created 40 | . . 40 Parts 2 | . . 2 Haulers Intercepted . | . . . Recyclers Shooed . | . . . Parts Field Recycled . | . . . Retrieved Matter . | . . . Parts Self-Destructed 3 | . . 3 Prevented . | . . . Parts Restored . | . . . Kills | -11 -10 -10 ------- Run | Yrd Mat Sub Combat Hostiles Destroyed 1 | . . 1 Guns 1 | . . 1 Classes Destroyed 1 | . . 1 Subdweller 1 | . . 1 Best Kill Streak 1 | . . 1 Combat Bots Only 1 | . . 1 Max Kills in Single Turn 1 | . . 1 Gunslinging . | . . . Exploded . | . . . Melee . | . . . Uniques/NPCs Destroyed . | . . . Combat | -11 -10 -10 -------- Run | Yrd Mat Sub Hostile Shots Fired 84 | . . 84 Missed 23 | . . 23 Hits 61 | . . 61 Projectile 61 | . . 61 Critical Strikes 2 | . . 2 Damage Taken 1049 | . . 1049 Core 255 | . . 255 Absorbed by Shields . | . . . Ignored by Resistances 293 | . . 293 Core Remaining (%) 100 | 100 . . Volleys Fired 15 | . 3 12 Largest 2 | . 2 2 Hottest 60 | . 60 60 Shots Fired 27 | . 6 21 Gun 27 | . 6 21 Cannon . | . . . Launcher . | . . . Special . | . . . Kinetic 15 | . 3 12 Thermal 11 | . 3 8 Explosive . | . . . Electromagnetic 1 | . . 1 Robot Hit Streak 12 | . 2 12 Robot Miss Streak 2 | . 1 2 Penetration Max . | . . . Secondary Targets . | . . . Shots Hit Robots 21 | . 4 17 Core Hits 6 | . 1 5 Critical Kills . | . . . Critical Parts Destroyed 1 | . . 1 Critical Strikes 1 | . . 1 Destroy 1 | . . 1 Melee Attacks . | . . . Impact . | . . . Slashing . | . . . Piercing . | . . . Sneak Attacks . | . . . Combat Hostiles . | . . . Follow-up Attacks . | . . . Damage Inflicted 217 | . 44 173 Guns 212 | . 39 173 Cannons . | . . . Explosions . | . . . Melee . | . . . Ramming 5 | . 5 . Kinetic 103 | . 16 87 Thermal 109 | . 23 86 Explosive . | . . . Electromagnetic . | . . . Impact . | . . . Slashing . | . . . Piercing . | . . . Highest Corruption . | . . . Average Corruption . | . . . Corruption Purged . | . . . Corruption Blocked . | . . . Overload Shots . | . . . Overflow Damage . | . . . Projectiles . | . . . Explosions . | . . . Melee . | . . . Knockbacks . | . . . Impact . | . . . Kinetic . | . . . Secondary . | . . . Self-Inflicted Damage . | . . . Shots . | . . . Rammed 1 | . 1 . Targets Rammed 1 | . 1 . Kicked . | . . . Crushed . | . . . Highest Temperature 187 | . 40 187 Average Temperature 42 | . 19 61 Received Heat Transfer 564 | . . 564 Siege Activations . | . . . Martial Activations . | . . . Shielding Activations . | . . . Robots Disrupted . | . . . Combat Hostiles . | . . . Robots Corrupted . | . . . Combat Hostiles . | . . . Parts Fried . | . . . Impact Corruptions . | . . . Robots Melted . | . . . Combat Hostiles . | . . . Parts Melted . | . . . Heat Transferred 250 | . 50 200 Parts Sabotaged . | . . . Parts Stolen . | . . . Parts Stripped . | . . . Power Chain Reactions . | . . . Alert | -11 -10 -10 ------- Run | Yrd Mat Sub Maximum Alert Level . | . . . Low Security (%) 100 | 100 100 . Level 1 . | . . . Level 2 . | . . . Level 3 . | . . . Level 4 . | . . . Level 5 . | . . . High Security . | . . . Max Security . | . . . Peak Influence . | . . . Initial . | . . . Average . | . . . Influence Increases . | . . . Influence Decreases . | . . . Squads Dispatched . | . . . Investigation . | . . . Extermination . | . . . Reinforcement . | . . . Assault . | . . . Garrison . | . . . Intercept . | . . . Searches Triggered . | . . . Construction Impeded . | . . . Haulers Reinforced . | . . . Active Scanning Responses . | . . . Cargo Convoy Interrupts . | . . . Stealth | -11 -10 -10 --------- Run | Yrd Mat Sub Distress Signals . | . . . Communications Jammed . | . . . Distress Signals . | . . . Times Spotted 14 | . 1 13 Peak Tracking Total 10 | . 1 10 Tactical Retreats . | . . . Traps | -11 -10 -10 ------- Run | Yrd Mat Sub Traps Triggered . | . . . Indirectly . | . . . Trap Hack Attempts . | . . . Triggered . | . . . Disarmed . | . . . Reprogrammed . | . . . Reused . | . . . Traps Extracted . | . . . Installed . | . . . Triggered . | . . . Machines | -11 -10 -10 ---------- Run | Yrd Mat Sub Machines Disabled . | . . . Max in Single Turn . | . . . Machines Repaired . | . . . Machines Dismantled . | . . . Machines Sabotaged . | . . . Overloaded Fab Kills . | . . . Hacking | -11 -10 -10 --------- Run | Yrd Mat Sub Machines Accessed 1 | . 1 . Terminals 1 | . 1 . Fabricators . | . . . Repair Stations . | . . . Recycling Units . | . . . Scanalyzers . | . . . Garrison Access . | . . . Total Hacks 1 | . 1 . Successful 1 | . 1 . Failed . | . . . Catastrophic . | . . . Database Lockouts . | . . . Manual 3 | . 3 . Terminals 1 | . 1 . Fabricators . | . . . Repair Stations . | . . . Recycling Units . | . . . Scanalyzers . | . . . Garrison Access . | . . . Terminal Hacks 1 | . 1 . Record 1 | . 1 . Fabricator Hacks . | . . . Repair Station Hacks . | . . . Recycling Unit Hacks . | . . . Scanalyzer . | . . . Garrison Access Hacks . | . . . Unauthorized Hacks . | . . . Terminals . | . . . Fabricators . | . . . Repair Stations . | . . . Recycling Units . | . . . Scanalyzers . | . . . Garrison Access . | . . . Data Cores Recovered . | . . . Used . | . . . Hacking Detections 1 | . 1 . Full Trace Events . | . . . Feedback Events . | . . . Feedback Blocked . | . . . Robot Schematics Acquired . | . . . Robots Built . | . . . Authchips . | . . . Time . | . . . Total Robot Build Rating . | . . . Part Schematics Acquired . | . . . Parts Built . | . . . Authchips . | . . . Time . | . . . Total Part Build Rating . | . . . Part Studies Acquired . | . . . Parts Repaired . | . . . Time . | . . . Parts Recycled . | . . . Recycled Matter . | . . . Retrieved Matter . | . . . Retrieved Components . | . . . Parts Scanalyzed . | . . . Part Schematics Acquired . | . . . Parts Damaged . | . . . Bothacking | -11 -10 -10 ------------ Run | Yrd Mat Sub Used RIF Installer . | . . . Robots Hacked . | . . . Non-combat . | . . . Combat . | . . . Robot Hacks Applied . | . . . Relay Couplers Released . | . . . Fabnet Peak Effective % . | . . . Robots Rewired . | . . . Allies Hacked . | . . . Hacks Repelled . | . . . Allies | -11 -10 -10 -------- Run | Yrd Mat Sub Total Allies . | . . . Largest Group . | . . . Highest-Rated Group . | . . . Highest-Rated Ally . | . . . Total Orders . | . . . Ally Attacks . | . . . Total Damage . | . . . Kills . | . . . Allies Corrupted . | . . . Allies Melted 1 | . . 1 Intel | -11 -10 -10 ------- Run | Yrd Mat Sub Active Infowar (turns) . | . . . Robot Analysis Total . | . . . Derelict Logs Recovered 1 | . . 1 Drone Launches . | . . . Drone Recoveries . | . . . Exploration | -11 -10 -10 ------------- Run | Yrd Mat Sub Turns Passed 465 | 94 193 178 Spaces Moved 247 | 54 98 95 Core 25 | 5 . 20 Treads 222 | 49 98 75 Legs . | . . . Wheels . | . . . Hover . | . . . Flight . | . . . Fastest Speed 50 | 50 160 50 Average Speed 153 | 149 160 148 Slowest Speed 200 | 160 160 200 Overloaded Moves . | . . . Propulsion Burnouts . | . . . Robots Hopped . | . . . Potential Cave-ins . | . . . Cave-ins Triggered . | . . . Exploration Rate (%) 9 | 3 14 11 Regions Visited 2 Branch Regions 1 Pre-discovered Areas . | . . . Known Exits Taken 1 | . 1 . Unknown Exits Taken 1 | 1 . . Scrap Searched . | . . . Spaces Dug . | . . . Terrain Destroyed . | . . . Melee . | . . . Projectile . | . . . AOE . | . . . Terrain Rammed . | . . . Walls Destroyed . | . . . Machines Disabled . | . . . Actions | -11 -10 -10 --------- Run | Yrd Mat Sub Total 310 | 67 128 115 Wait 25 | . 25 . Move 245 | 53 97 95 Hop . | . . . Pick Up 11 | 8 1 2 Fast Attach . | . . . Attach 11 | 6 1 4 Detach 2 | . . 2 Swap . | . . . Drop . | . . . Fire 15 | . 3 12 Melee . | . . . Ram . | . . . Kick . | . . . Crush 1 | . 1 . Escape Stasis . | . . . Rewire . | . . . Trap . | . . . Miscellaneous . | . . . Route ------- -11/Scrapyard -10/Materials -10/Subcaves (discovered 1 exit: Mat) History --------- Turn | Location | Event 33 | -11/Scrapyard | Discovered new exit (range 15) 95 | -11/Scrapyard | Entered Materials 260 | -10/Materials | Discovered new exit (range 7) 286 | -10/Materials | Identified exit to Subcaves 288 | -10/Materials | Entered Subcaves 289 | -10/Subcaves | Approached by a straggling Scientist 295 | -10/Subcaves | Identified exit to Materials 301 | -10/Subcaves | Build established: Mutant 357 | -10/Subcaves | Ambushed by swarm of Subdwellers 407 | -10/Subcaves | Lost 5 allies 432 | -10/Subcaves | Core integrity fell below 50% 450 | -10/Subcaves | Core integrity fell below 20% 466 | -10/Subcaves | Destroyed by FO-8TT(R) with Subdweller Machine Gun Last Messages --------------- Lgt. Armor Plating fries itself beyond repair. Subatomizers dissect the Tech Extrapolator. Heat Sink fries itself beyond repair. 72-HXZ(R) suffers critical hit (Destroy). Destroyed Sub. Power Source. Scrap Shield destroyed. Critical hit (Meltdown: +210). Acquired 3 matter. 45-FW1(R) suffers critical hit (Destroy). NU-9ML(R) destroyed. Lgt. Treads destroyed. Sml. Laser destroyed. Ion Engine destroyed. 1Q-S26(R) destroyed. Acquired 3 matter. Acquired Scrap Shield Fragment. Acquired 30 matter. Acquired 1 matter. EM Pulse Gun destroyed. Lgt. Assault Rifle destroyed. Map ----- +----------------------------------------------------+ | ?????????????????????????????????????????????????? | | ?????????????????????????????????????????????????? | | ?????????????????????????????????????????????????? | | ?????????????????????????????????????????????????? | | ?????????????????????????????????????????????????? | | ?????????????????????????????????????????????????? | | ?????????????????????????????????????????????????? | | ?????????????????????????????????????????????????? | | ?????????????????????????????????????????????????? | | ?????????????????????????????????????????????????? | | ?????????????????????????????????????????????????? | | ?????????????????????????????????????????????????? | | ???????????????????????# ????????????????????? | | ??????????????????????? ????????????????????? | | ?????????????????????# ????????????????????? | | ?????????????????????# ?????????????????????? | | ?????????????????????# ?????????????????????? | | ?????????????????????# ?????????????????????? | | ?????????????????????? ??????????????????????? | | ?????????????????????? ??????????????????????? | | ??????????????????????# ##?????????????????????? | | ?????????????????????## ??????????????????????? | | ?????????????????????# "" #??????????????????????? | | ??????????????????????" R"#??????????????????????? | | ??????????????????????## #??????????????????????? | | ????????????????????### @#??????????????????????? | | ???????????????????## ##%!##?????????????????????? | | ??????????????????## RR #?????????????????????? | | ??????????????????# R R" #?????????????????????? | | ??????????????????# R;#""##?????????????????????? | | ??????????????????# ##R"#?#?? ?????????????????? | | ??????????????????# RR##? """#???????????????? | | ??????????????????## ###? "" "####???????????? | | ??????????????????## "### " ##??????????? | | ????????????????### "#"# " "##?????????? | | ????????????????# """"" " " ##????????? | | ????????????????# "#""""" """"" #????????? | | ???????????????## ""## #"#?? #????????? | | ??????????????## ""#### #???# #?????????? | | ??????????????# " ### #???# #?????????? | | ????????# ### ##### #?????????? | | ????????# ??### *## ## ##????????? | | ????????# ????####!%! ## ##???????? | | ????????# ???????#"! % % %##??????? | | ????????# ### ?????????### =%= # # #??????? | | ???????? #??# ???????????# #!## #?#??????? | | ???????? ???? #??????????# #### #????????? | | ?????????????? ?????????? ## ##????????? | | ????????????? ????????? # ##????????? | | ??????????????????????# ### #????????? | +----------------------------------------------------+ Best States ------------- Heat Dissipation 25 Energy Generation 10 Energy Capacity 250 Matter Stores 300 Matter Capacity 300 Sight Range 16 Terrain Scan Density 10 Armor Coverage 800 Resistance: KI 20 Resistance: TH 20 Resistance: EX 20 Resistance: EM 20 Resistance: I 20 Resistance: S 20 Resistance: P 20 Evasion (%) 40 Recoil Reduction 2 Offensive Hacking 10 Item Schematics ----------------- None Robot Schematics ------------------ None Fabricated ------------ Nothing Repaired ---------- Nothing Studied --------- None Alien Tech Used ----------------- None Achievements -------------- None Challenges ------------ None Game ------ Seed DefenseArcsightRedirector Manual? 0 Play Time 00:08:18 Cumulative 1.7 hours Start 2026.07.01 @ 09:22:12 End 2026.07.01 @ 09:28:18 Sessions 1 Manual Loads 0 Difficulty Adventurer Special Mode None Game No. 7 Rogue 0 Adventurer 7 Explorer 0 Win Type - Total 0 Types 0/0/0/0/0/0/0/0/0/0 Lore% 1 Gallery% 4 Achievement% 6 Wizard Run 0 Options --------- Layout 1 ASCII 0 Keyboard 0 Movement Mouse Keybinds 0 Fullscreen 1 Font 32/SmallcapsGlow Map View 50x35 Zoom Use 0% Tactical HUD 0 Map Filters NONE Filters NONE Steam 1 RUN: ceff44ec-00d4-4841-afdc-2331c057a259